 Dungeon Crawl Stone Soup version 0.18-a0-1180-g64ccc1e (webtiles) character file.

6358 Minkie the Cleaver (level 10, -7/84 HPs)
             Began as a Minotaur Berserker on Jan 27, 2016.
             Was a High Priest of Trog.
             Killed from afar by a lava snake (12 damage)
             ... with a glob of lava
             ... on level 9 of the Dungeon.
             The game lasted 00:33:06 (7605 turns).

Minkie the Cleaver (Minotaur Berserker)             Turns: 7605, Time: 00:33:06

Health: -7/84      AC: 13    Str: 22    XL:     10   Next: 65%
Magic:  9/9        EV: 12    Int:  4    God:    Trog [*****.]
Gold:   490        SH:  0    Dex: 13    Spells: 0 memorised, 9 levels left

rFire  . . .     SeeInvis .     o - +0 war axe
rCold  . . .     Gourm    .     x - +2 scale mail {MR+}
rNeg   + . .     Faith    .     (no shield)
rPois  .         Spirit   .     (helmet restricted)
rElec  .         Dismiss  .     N - +0 cloak
rCorr  .         Reflect  .     (no gloves)
SustAt .         Harm     .     (no boots)
MR     ++...                    (no amulet)
Stlth  ..........               (no ring)
                                u - ring of positive energy

@: very resistant to hostile enchantments, extremely unstealthy
A: retaliatory headbutt, horns 2, molten scales 1, frail 1, magic resistance 1,
MP-powered wands
a: Berserk, Trog's Hand, Brothers in Arms, Burn Spellbooks, Renounce Religion


You were on level 9 of the Dungeon.
You worshipped Trog.
Trog was extremely pleased with you.
You were hungry.

You visited 1 branch of the dungeon, and saw 9 of its levels.

You collected 490 gold pieces.

Inventory:

Hand Weapons
 o - a +0 war axe (weapon)
 D - a +0 shortbow
Missiles
 i - 16 tomahawks (quivered)
 l - 43 bolts
 m - 62 arrows
 t - 5 arrows of frost
 F - 11 arrows of dispersal
 K - 9 arrows of flame
Armour
 x - a +2 scale mail of magic resistance (worn)
 H - the +3 leather armour of Cuir {rCorr}
   (You found it on level 7 of the Dungeon)

   It protects you from acid and corrosion.
 N - a +0 cloak (worn)
Jewellery
 u - a ring of positive energy (left hand)
 v - an uncursed ring of fire
Wands
 r - a wand of polymorph (1/24)
 w - a wand of random effects (25/48)
 M - a wand of paralysis (19/24)
Scrolls
 b - 5 scrolls of magic mapping {unknown}
 d - 2 scrolls of immolation {unknown}
 e - 4 scrolls of remove curse {unknown}
 f - 2 scrolls of enchant armour
 h - 3 scrolls of fear {unknown}
 j - 2 scrolls of amnesia {unknown}
 C - 3 scrolls of teleportation {unknown}
 E - a scroll of fog {unknown}
 L - a scroll of enchant weapon {unknown}
 P - a scroll of torment {unknown}
Potions
 a - a potion of might
 g - 5 potions of curing
 k - 3 potions of brilliance
 n - 3 potions of ambrosia
 q - a potion of berserk rage
 s - a potion of flight
 A - a potion of lignification
 G - a potion of agility
 J - a potion of heal wounds
 O - a potion of poison {unknown}
Books
 B - a book of the Dragon

   Spells                             Type                      Level
   a - Flame Tongue                   Conjuration/Fire             1
   b - Cause Fear                     Hexes                        4
   c - Bolt of Fire                   Conjuration/Fire             6
   d - Dragon Form                    Transmutation                7
   e - Dragon's Call                  Summoning                    9
   Trog disapproves of the use of such an item.
 I - a book of Dreams

   Spells                             Type                      Level
   a - Ensorcelled Hibernation        Hexes/Ice                    2
   b - Phase Shift                    Translocation                5
   c - Silence                        Hexes/Air                    5
   d - Darkness                       Hexes                        6
   e - Mass Confusion                 Hexes                        6
   f - Shadow Creatures               Summoning                    6
   Trog disapproves of the use of such an item.
Comestibles
 c - 5 bread rations
 p - a chunk of flesh
 z - 2 fruits


   Skills:
 + Level 10.5 Fighting
 * Level 13.3 Axes
 + Level 9.6 Armour
 - Level 4.0 Dodging


You had 9 spell levels left.
You didn't know any spells.

Dungeon Overview and Level Annotations

Branches:
Dungeon (9/15)             Temple (0/1) D:4
   Lair: D:8-11         Orc: D:9-12

Altars:
Cheibriados
Fedhas
Gozag
Okawaru
Pakellas
Ru
Sif Muna
Trog


Innate Abilities, Weirdness & Mutations

You reflexively headbutt those who attack you in melee.
You have a pair of horns on your head.
You are partially covered in molten scales (AC +1).
You are frail (-10% HP).
You are resistant to hostile enchantments.
You expend magic power (3 MP) to strengthen your wands.


Message History

The lava snake bites you.
* * * LOW HITPOINT WARNING * * *
You are engulfed in flames.
* * * LOW HITPOINT WARNING * * *
You hit the lava snake but do no damage.
Your headbutt misses the lava snake.
The lava snake is heavily wounded.
You barely miss the lava snake.
The lava snake bites you but does no damage.
The lava snake barely misses you.
You slash the lava snake!
You kill the lava snake!
Trog accepts your kill.
You closely miss the lava snake.
The lava snake bites you but does no damage.
You slash the lava snake!
The lava snake is heavily wounded.
The lava snake spits lava at you. The glob of lava hits you!
You die...

........... ...............≈≈≈§≈
........W...........>.......§§≈≈§
...................§§§§
...................
....≈≈≈............
...≈≈≈§≈.....§.....
...≈§≈≈§....§..>... .
...§§§≈S.....§..§.... .
#....≈§≈@......≈≈§§... ..
.###..............≈≈≈§≈......
..#...............≈≈≈≈≈......
..................§§≈§§... ..
...................≈≈§§§. #
..........................
..........................##
...........................##
#............#..............#


You could see a lava snake.

Vanquished Creatures
  Erolcha (D:9)
  The ghost of Wallaby3 the Covert, a novice OpEn of Makhleb (D:9)
  A griffon (D:9)
  A gargoyle (D:8)
  Prince Ribbit (D:7)
  2 hippogriffs
  A sky beast (D:7)
  A necrophage (D:8)
  An orc warrior (D:8)
  2 ice beasts (D:8)
  7 ogres
  3 phantoms
  The ghost of Minkie the Skirmisher, an amateur GrFi (D:3)
  2 centaurs
  Blork the orc (D:4)
  5 giant frogs
  3 scorpions
  5 killer bees (D:7)
  An electric eel (D:6)
  A giant frog zombie (D:6)
  2 lava snakes (D:9)
  2 crimson imps
  2 centaur zombies (D:5)
  A giant frog skeleton (D:8)
  A centaur skeleton (D:7)
  2 jellies (D:6)
  A gnoll shaman (D:6)
  11 orc priests
  2 hounds
  7 orc wizards
  3 iguanas
  Jessica (D:3)
  Terence (D:2)
  8 worker ants
  A hound skeleton (D:4)
  2 worker ant zombies (D:8)
  10 gnolls
  12 adders
  3 shadow imps
  2 adder skeletons
  A worm (D:4)
  3 giant geckos (D:1)
  46 orcs
  A giant cockroach (D:4)
  9 goblins
  9 hobgoblins
  12 kobolds
  2 quokkas (D:3)
  2 ball pythons
  5 bats
  8 giant newts
  A jackal skeleton (D:7)
  10 rats
224 creatures vanquished.

Notes
Turn   | Place    | Note
--------------------------------------------------------------
     0 | D:1      | Minkie the Minotaur Berserker began the quest for the Orb.
     0 | D:1      | Reached XP level 1. HP: 19/19 MP: 0/0
   216 | D:1      | Reached skill level 4 in Fighting
   216 | D:1      | Reached XP level 2. HP: 27/27 MP: 1/1
   403 | D:1      | Reached ** piety under Trog
   614 | D:2      | Reached XP level 3. HP: 33/33 MP: 2/2
   745 | D:2      | Noticed Terence
   754 | D:2      | Killed Terence
   754 | D:2      | Reached XP level 4. HP: 41/41 MP: 3/3
  1125 | D:3      | Reached skill level 5 in Axes
  1137 | D:3      | Reached XP level 5. HP: 47/47 MP: 4/4
  1155 | D:3      | Reached *** piety under Trog
  1374 | D:3      | Reached skill level 5 in Fighting
  1574 | D:3      | Noticed Minkie's ghost (amateur GrFi)
  1581 | D:3      | Noticed Jessica
  1591 | D:3      | Killed Minkie's ghost
  1591 | D:3      | Reached XP level 6. HP: 40/56 MP: 5/5
  1594 | D:3      | Killed Jessica
  1722 | D:3      | Reached skill level 6 in Axes
  2023 | D:4      | Found an iron altar of Okawaru.
  2212 | D:4      | Reached XP level 7. HP: 56/61 MP: 6/6
  2297 | D:4      | Reached skill level 7 in Axes
  2340 | D:4      | Reached **** piety under Trog
  2427 | D:4      | Noticed Blork the orc
  2437 | D:4      | Killed Blork the orc
  2448 | D:4      | Got a crude leather armour
  2551 | D:4      | Found a staircase to the Ecumenical Temple.
  2748 | D:4      | Reached skill level 5 in Armour
  2799 | D:4      | Identified the +0 leather armour "Seulocs" {MR+} (You found it on level 4 of the Dungeon)
  2923 | D:5      | Entered Level 5 of the Dungeon
  3341 | D:5      | Reached skill level 8 in Axes
  3379 | D:5      | Reached XP level 8. HP: 65/71 MP: 7/7
  3946 | D:6      | Found a snail-covered altar of Cheibriados.
  4115 | D:6      | Reached skill level 9 in Axes
  4148 | D:6      | Found an oddly glowing altar of Pakellas.
  4148 | D:6      | Found a sacrificial altar of Ru.
  4148 | D:6      | Found a bloodstained altar of Trog.
  4148 | D:6      | Found an iron altar of Okawaru.
  4154 | D:6      | Found a blossoming altar of Fedhas.
  4154 | D:6      | Found a deep blue altar of Sif Muna.
  4839 | D:6      | Reached skill level 10 in Axes
  4927 | D:7      | Reached XP level 9. HP: 56/81 MP: 8/8
  5607 | D:7      | Noticed Prince Ribbit
  5622 | D:7      | Killed Prince Ribbit
  5784 | D:7      | Found an opulent altar of Gozag.
  5838 | D:7      | Reached skill level 11 in Axes
  5847 | D:7      | Reached ***** piety under Trog
  6261 | D:7      | Got a shimmering leather armour
  6272 | D:7      | Identified the +3 leather armour of Cuir {rCorr} (You found it on level 7 of the Dungeon)
  6659 | D:8      | Noticed a gargoyle
  6667 | D:8      | Killed a gargoyle
  6667 | D:8      | Reached skill level 12 in Axes
  6670 | D:8      | Reached XP level 10. HP: 56/91 MP: 9/9
  6857 | D:8      | Gained mutation: You are frail (-10% HP). [potion of mutation]
  6857 | D:8      | Gained mutation: You expend magic power (3 MP) to strengthen your wands. [potion of mutation]
  6857 | D:8      | Gained mutation: You are resistant to hostile enchantments. [potion of mutation]
  6858 | D:8      | Gained mutation: You are partially covered in molten scales (AC +1). [potion of beneficial mutation]
  6956 | D:9      | Noticed Wallaby3's ghost (novice OpEn)
  6981 | D:9      | Killed Wallaby3's ghost
  6993 | D:9      | Noticed a griffon
  7015 | D:9      | Killed a griffon
  7015 | D:9      | Received a gift from Trog
  7015 | D:9      | Reached skill level 10 in Fighting
  7253 | D:9      | Noticed Erolcha
  7267 | D:9      | Killed Erolcha
  7267 | D:9      | Reached skill level 13 in Axes
  7602 | D:9      | HP: 4/84 [lava snake (3)]
  7605 | D:9      | Killed from afar by a lava snake

Vault maps used:
D:1:      dpeg_arrival_concentric_ovals, minmay_statues_item,
          grunt_decor_fettered
D:2:      uniq_terence
D:3:      grunt_ministairs_3, uniq_jessica
D:4:      minmay_temple_entry_statues_pillars, first_bread,
          okawaru_ov_weapons_minmay, uniq_blork_the_orc
D:6:      overflow_temple_1_default, minmay_overflow_temple_hex,
          kennysheep_pointless_box, corexii_leaking_fountain,
          kennysheep_generic_room_7
D:7:      lemuel_crystal_altar, minmay_large_rounded_square, uniq_prince_ribbit1
D:9:      the_bakery, uniq_erolcha

Action                   |  1- 3 |  4- 6 |  7- 9 | 10-12 || total
-------------------------+-------+-------+-------+-------++-------
Melee: Hand axe          |    77 |    32 |       |       ||   109
       War axe           |       |   104 |   329 |   125 ||   558
Throw: Tomahawk          |       |       |     5 |       ||     5
Invok: Berserk           |     1 |     1 |       |     1 ||     3
       Trog's Hand       |       |     2 |     3 |     1 ||     6
       Burn Spellbooks   |       |       |       |     1 ||     1
  Use: Scroll            |       |       |     6 |     6 ||    12
       Potion            |       |       |       |     2 ||     2
  Eat: Chunk             |       |     7 |    12 |     4 ||    23
       Pizza             |       |       |     1 |       ||     1
       Fruit             |       |       |     1 |       ||     1
